AoeStats
← |GaoeG| flamingo

Arena

509350936Analyzed
3v3 RM · 5d ago on Sep 26, 2026· 20m 53s· 6 players
Game mode
Random Map
Map size
Normal (6 player)
Population
200
Speed
Normal
Resources
Standard
Victory
Conquest
Starting age
Dark Age
Ending age
Imperial Age
RankedLock teamsTeams togetherTeam positionsShared explorationLock speedFull tech treeHidden civsTurbo modeCheats
Victory
Defeat
🇧🇷 Spanish · Brazil
1188
+15
🇨🇿 Hindustanis · Czechia
1170
+16
🇩🇪 Cumans · Germany
1129
+17
🇪🇸 Lithuanians · Spain
1381
-23
🇪🇸 Saracens · Spain
1281
-20
🇪🇸 Franks · Spain
829
-5
spicyP
6:57 Loom
9:15 Feudal Age
11:10 Horse Collar
13:15 Double-Bit Axe
18:01 Wheelbarrow
21:57 Castle Age
20:48 Bloodlines
21:10 Gold Mining
_:::'!:_rell_:!':::_
10:12 Feudal Age
12:05 Forging
15:55 Castle Age
15:19 Double-Bit Axe
15:38 Loom
20:14 Iron Casting
Onizuka
10:39 Feudal Age
14:58 Castle Age
13:32 Double-Bit Axe
14:05 Stone Mining
15:44 Loom
JITANOmaleant7
10:14 Feudal Age
11:01 Loom
14:28 Castle Age
13:22 Double-Bit Axe
13:25 Horse Collar
14:49 Wheelbarrow
14:47 Light Cavalry
19:16 Bow Saw
|GaoeG| flamingo
11:13 Feudal Age
15:18 Castle Age
14:05 Horse Collar
14:20 Double-Bit Axe
17:39 Wheelbarrow
claran33
11:43 Feudal Age
11:46 Loom
17:12 Gold Mining
Connection lost

Rejoining the realm…

Still unreachable

The connection could not be restored.

Session expired

The server has moved on; the page needs a fresh start.